 Dungeon Crawl Stone Soup version 0.29-a0-82-g837932c90e (webtiles) character file.

Game seed: 6219191141196405354

448 lordive the Slasher (level 7, -2/91 HPs)
             Began as a Hill Orc Monk on Feb 4, 2022.
             Slain by an acid dragon (4 damage)
             ... on level 4 of the Dungeon.
             The game lasted 00:05:23 (4563 turns).

lordive the Slasher (Hill Orc Monk)                 Turns: 4563, Time: 00:05:24

Health: -2/91      AC:  6    Str: 14    XL:     7   Next: 4%
Magic:  0/19       EV:  6    Int: 12    God:
Gold:   157        SH:  3    Dex: 13    Spells: 6/6 levels left

rFire   . . .      SeeInvis .   a - +0 falchion
rCold   . . .      Faith    .   u - +0 buckler
rNeg    + . .      Spirit   +   k - +0 chain mail
rPois   .          Reflect  .   o - +0 helmet
rElec   .          Harm     .   (no cloak)
rCorr   .          Rampage  .   (no gloves)
Will    .....                   (no boots)
Stlth   ..........              m - amulet of guardian spirit
HPRegen 0.25/turn               d - ring of positive energy
MPRegen 0.16/turn               l - ring of magical power

@: berserking, corroded, very quick
A: no striking features
a: no special abilities


You were on level 4 of the Dungeon.
You visited 1 branch of the dungeon, and saw 4 of its levels.

You collected 157 gold pieces.

Inventory:

Hand Weapons
 a - a +0 falchion (weapon)
 q - a +0 hand crossbow
Missiles
 p - 5 poisoned darts (quivered)
 r - 10 bolts
Armour
 b - a +0 robe
 f - an orb of wrath
 g - a +0 ring mail
 k - a +0 chain mail (worn)
 o - a +0 helmet (worn)
 u - a +0 buckler (worn)
Jewellery
 d - a ring of positive energy (left hand)
 l - a ring of magical power (right hand)
 m - an amulet of guardian spirit (around neck)
Wands
 i - a wand of acid (10)
Scrolls
 c - a scroll of enchant armour {unknown}
 j - a scroll of noise {unknown}
 s - a scroll of identify {unknown}
Potions
 e - 3 potions of curing
 h - a potion of magic
 t - 2 potions of mutation {unknown}


   Skills:
 + Level 5.1 Fighting
 + Level 5.5 Long Blades
 + Level 2.7 Armour
 + Level 3.1 Dodging
 - Level 1.5 Stealth
 * Level 4.0 Invocations


You had 6 spell levels left.
You didn't know any spells.
Your spell library contained the following spells:

 Spells                   Type           Power      Damage    Failure   Level
 Summon Small Mammal      Summ           0%         N/A       100%        1
 Call Canine Familiar     Summ           0%         N/A       100%        3
 Conjure Flame            Conj/Fire      0%         6-21      100%        3
 Ignite Poison            Fire/Tmut/Pois 0%         N/A       100%        3
 Summon Guardian Golem    Hex/Summ       0%         N/A       100%        3
 Sticky Flame             Conj/Fire      0%         2d3       100%        4


Dungeon Overview and Level Annotations

Branches:
Dungeon (4/15)
 Temple: D:4-7

Altars:
Dithmenos

Annotations:
D:4 2 runed translucent doors


Message History

The acid dragon spits acid at you. The splash of acid hits you!
The acid corrodes you!
You barely miss the acid dragon.
The acid dragon is heavily wounded.
The acid dragon bites you.
* * * LOW HITPOINT WARNING * * *
The acid dragon barely misses you. The quokka skeleton closely misses you.
Okay, then.
It was a potion of curing.
You feel better.
The quokka skeleton bites you but does no damage.
The acid dragon bites you!
The acid dragon claws you but does no damage.
It was a potion of magic.
Magic courses through your body. The acid dragon bites you!
* * * LOW HITPOINT WARNING * * *
The acid dragon claws you but does no damage.
The quokka skeleton barely misses you.
It was a potion of berserk rage.
A red film seems to cover your vision as you go berserk!
You feel yourself moving faster!
You feel mighty! The quokka skeleton bites you.
* * * LOW HITPOINT WARNING * * *
The acid dragon bites you.
* * * LOW HITPOINT WARNING * * *
The acid dragon closely misses you.
You barely miss the acid dragon.
The acid dragon is heavily wounded.
You hit the acid dragon.
The acid dragon is severely wounded.
The acid dragon spits acid at you. The splash of acid hits you!!
* * * LOW HITPOINT WARNING * * *
The acid corrodes you!
The quokka skeleton bites you but does no damage.
You hit the acid dragon.
The acid dragon is severely wounded.
The acid dragon bites you!
* * * LOW HITPOINT WARNING * * *
The acid dragon claws you.
You die...

.. # ### # ...# ....#
..... #.# .....#### #.#
........# #.# .......?#
#.# ......D@##
######.####
......Z..####.........#
......................##
........##.......†......
........###........<....
........>...#.........##
......#######.........#
...... ###########
....##


You could see an acid dragon (catching breath) and a quokka skeleton.

Vanquished Creatures
  Grinder (D:3)
  A scorpion (D:4)
  A howler monkey (D:2)
  An iguana (D:4)
  A hound skeleton (D:4)
  Robin (D:3)
  3 adders
  A white imp (D:3)
  4 dart slugs
  4 orcs
  9 ball pythons
  4 bats
  3 endoplasms
  4 giant cockroaches (D:1)
  14 goblins
  10 hobgoblins
  3 kobolds
  2 frilled lizards
  5 rats
72 creatures vanquished.

Notes
Turn   | Place    | Note
-------+----------+-------------------------------------------
     0 | D:1      | lordive the Hill Orc Monk began the quest for the Orb.
     0 | D:1      | Reached XP level 1. HP: 19/19 MP: 1/1
   228 | D:1      | Reached XP level 2. HP: 26/27 MP: 2/2
   280 | D:1      | Reached skill level 1 in Invocations
   484 | D:1      | Reached XP level 3. HP: 22/33 MP: 3/3
   897 | D:1      | Found a faded altar of an unknown god.
  2139 | D:2      | Found a shadowy altar of Dithmenos.
  2435 | D:2      | Reached XP level 4. HP: 36/40 MP: 5/5
  2619 | D:3      | Noticed Grinder
  2628 | D:3      | Paralysed by Grinder for 7 turns
  2900 | D:3      | Killed Grinder
  2901 | D:3      | Reached skill level 5 in Long Blades
  2901 | D:3      | Reached skill level 1 in Armour
  2901 | D:3      | Reached XP level 5. HP: 26/47 MP: 5/7
  2901 | D:3      | Reached XP level 6. HP: 31/55 MP: 5/8
  3053 | D:3      | Noticed Robin
  3711 | D:3      | Killed Robin
  3768 | D:3      | Reached skill level 5 in Fighting
  4421 | D:4      | Reached XP level 7. HP: 60/61 MP: 10/10
  4540 | D:4      | Found a runed translucent gate.
  4541 | D:4      | Found a runed translucent gate.
  4563 | D:4      | HP: 2/91 [acid dragon (6)]
  4563 | D:4      | Slain by an acid dragon

Illustrated notes

Levels and vault maps discovered:
D:1:      heliophobic_arrival_battle_scene, layout_basic,
          shapermc_ecumenical_altar_hornbeckon, patterned_corridor
D:2:      layout_basic, basic_altar, corner_web_ring
D:3:      layout_basic, uniq_robin, uniq_grinder
D:4:      layout_rooms, biasface_ghost_orc_armoury, portal_sewer_entry_e

Skill      XL: |  1  2  3  4  5  6 |
---------------+-------------------+-----
Invocations    | 1 3 4 |  4.0
Fighting       | 4 5 |  5.1
Long Blades    | 4 5 |  5.5
Armour         | 1 2 |  2.7
Dodging        | 3 |  3.1
Stealth        | |  1.5

Action                   |  1- 3 |  4- 6 |  7- 9 || total
-------------------------+-------+-------+-------++-------
Melee: Falchion          |   116 |   153 |    22 ||   291
       Punch             |     1 |     1 |       ||     2
  Use: Potion            |       |     2 |     3 ||     5
 Stab: Sleeping          |     3 |       |       ||     3
Armor: Robe              |    16 |       |       ||    16
       Ring mail         |    19 |       |       ||    19
       Chain mail        |     2 |   131 |    12 ||   145
Dodge: Dodged            |    84 |    70 |    15 ||   169

Table legend: (Time is in decaauts)
 A = Elapsed time spent in this place.
 B = Non-inter-level travel time spent in this place.
 C = Inter-level travel time spent in this place.
 D = Time resting spent in this place.
 E = Time spent auto-exploring this place.
 F = Levels seen in this place.
 G = Mean time per level.
                   A        B        C        D        E       F      G
               +--------+--------+--------+--------+--------+-----+--------+
         Total |   4592 |   4360 |    232 |    730 |   2917 |   4 | 1148.0 |
       Dungeon |   4592 |   4360 |    232 |    730 |   2917 |   4 | 1148.0 |
               +--------+--------+--------+--------+--------+-----+--------+

Top non-repeatable levels by time:
     D:2: 1891 daAuts
     D:1: 1369 daAuts
     D:3: 1047 daAuts
     D:4: 284 daAuts
